| TOP OF THE 1ST |
|
Toledo Mud Hens batting - Pitching for Pawtucket Red Sox : RHP Frank Picaso
|
|
Pitching: RHP Frank Picaso
|
|
|
Batting: RHB Brandon O'Malley
|
0-0: Called Strike 0-1: Ground out 6-3 (Groundball, 6, EV 89.4 MPH)
|
|
Batting: RHB Dan Becvar
|
0-0: Called Strike 0-1: Called Strike 0-2: Strikes out looking
|
|
Batting: LHB Bill Ford
|
0-0: Called Strike 0-1: Foul Ball, location: 2F 0-2: Strikes out looking
|
| Top of the 1st over - 0 runs, 0 hits, 0 errors, 0 left on base; Toledo 0 - Pawtucket 0 |
| BOTTOM OF THE 1ST |
|
Pawtucket Red Sox batting - Pitching for Toledo Mud Hens : LHP Josh Thorpe
|
|
Pitching: LHP Josh Thorpe
|
|
|
Batting: RHB Matt Hinkle
|
0-0: Ball 1-0: Ball 2-0: Ball 3-0: Base on Balls
|
|
Batting: RHB Carlos Nolasco
|
0-0: Ball 1-0: Grounds into double play, 5-4-3 (Groundball, 56, EV 76.9 MPH)
|
|
Batting: RHB Jose Diaz
|
0-0: Called Strike 0-1: Ground out 4-3 (Groundball, 4M, EV 78.8 MPH)
|
| Bottom of the 1st over - 0 runs, 0 hits, 0 errors, 0 left on base; Toledo 0 - Pawtucket 0 |
| TOP OF THE 2ND |
|
Toledo Mud Hens batting - Pitching for Pawtucket Red Sox : RHP Frank Picaso
|
|
Batting: LHB Jon Frederick
|
0-0: Ball 1-0: Ball 2-0: Ball 3-0: Base on Balls
|
|
Batting: RHB J.J. Basil
|
0-0: Ball 1-0: Ball 2-0: Swinging Strike 2-1: Called Strike 2-2: Foul Ball, location: 2F 2-2: Fly out, F9 (Flyball, 89M, EV 96.2 MPH)
|
|
Batting: RHB Joel Miller
|
0-0: Called Strike 0-1: Ball 1-1: Called Strike 1-2: Ball 2-2: Ball 3-2: Foul Ball, location: 2F 3-2: Foul Ball, location: 2F 3-2: Fly out, F2 (Popup, 2RF, EV 88.8 MPH)
|
|
Batting: RHB Keith Hoffman
|
0-0: Foul Ball, location: 2F 0-1: Foul Ball, location: 2F 0-2: Ball 1-2: Foul Ball, location: 2F 1-2: Ball 2-2: Ball 3-2: Strikes out swinging
|
| Top of the 2nd over - 0 runs, 0 hits, 0 errors, 1 left on base; Toledo 0 - Pawtucket 0 |
| BOTTOM OF THE 2ND |
|
Pawtucket Red Sox batting - Pitching for Toledo Mud Hens : LHP Josh Thorpe
|
|
Batting: RHB Roberto Morales
|
0-0: Ball 1-0: Called Strike 1-1: Ball 2-1: Called Strike 2-2: Strikes out swinging
|
|
Batting: RHB Brandon Perris
|
0-0: Ball 1-0: Ball 2-0: Ball 3-0: Called Strike 3-1: SINGLE (Line Drive, 8RS, EV 104.4 MPH)
|
|
Batting: RHB John Chiesa
|
0-0: Ball 1-0: Foul Ball, location: 2F 1-1: Ball 2-1: Foul Ball, location: 2F 2-2: Fly out, F9 (Flyball, 9, EV 84.4 MPH)
|
|
Batting: RHB Sal Rivera
|
0-0: Foul Ball, location: 2F 0-1: Foul Ball, location: 2F 0-2: Ball 1-2: SINGLE (Groundball, 34, EV 88.1 MPH) (infield hit) Brandon Perris to second
|
|
Batting: RHB Andy Garvin
|
0-0: Called Strike 0-1: Ball 1-1: Called Strike 1-2: Ball 2-2: Reached on error, E5 (Groundball, 5, EV 86.9 MPH) Brandon Perris to third Sal Rivera to second
|
|
Batting: RHB Neil Mautone
|
0-0: Called Strike 0-1: SINGLE (Flyball, 78S, EV 87.5 MPH) Brandon Perris scores Sal Rivera to third Andy Garvin to second Runner from 3rd tries for Home, throw by LF and OUT! 7-2
|
| Bottom of the 2nd over - 1 run, 3 hits, 1 error, 2 left on base; Toledo 0 - Pawtucket 1 |
| TOP OF THE 3RD |
|
Toledo Mud Hens batting - Pitching for Pawtucket Red Sox : RHP Frank Picaso
|
|
Batting: RHB Aaron Cusick
|
0-0: SINGLE (Line Drive, 6MD, EV 105.0 MPH)
|
|
Batting: SHB Scott Bartholomew
|
0-0: Ball 1-0: Fly out, F9 (Flyball, 89S, EV 84.4 MPH)
|
|
Batting: RHB Brandon O'Malley
|
0-0: Swinging Strike 0-1: Fielders Choice at 2nd, 4-6 (Groundball, 4MS, EV 80.6 MPH)
|
|
Batting: RHB Dan Becvar
|
0-0: Foul Ball, location: 2F 0-1: Ball 1-1: Swinging Strike 1-2: Strikes out swinging
|
| Top of the 3rd over - 0 runs, 1 hit, 0 errors, 1 left on base; Toledo 0 - Pawtucket 1 |
| BOTTOM OF THE 3RD |
|
Pawtucket Red Sox batting - Pitching for Toledo Mud Hens : LHP Josh Thorpe
|
|
Batting: RHB Matt Hinkle
|
0-0: Ball 1-0: Foul Ball, location: 2F 1-1: Ball 2-1: Ground out 5-3 (Groundball, 56, EV 80.0 MPH)
|
|
Batting: RHB Carlos Nolasco
|
0-0: Swinging Strike 0-1: Ball 1-1: Ball 2-1: Called Strike 2-2: Ball 3-2: Strikes out swinging
|
|
Batting: RHB Jose Diaz
|
0-0: Swinging Strike 0-1: SINGLE (Flyball, 5D, EV 93.1 MPH)
|
|
Batting: RHB Roberto Morales
|
0-0: Called Strike 0-1: Ball 1-1: Fly out, F9 (Flyball, 9D, EV 105.6 MPH)
|
| Bottom of the 3rd over - 0 runs, 1 hit, 0 errors, 1 left on base; Toledo 0 - Pawtucket 1 |
| TOP OF THE 4TH |
|
Toledo Mud Hens batting - Pitching for Pawtucket Red Sox : RHP Frank Picaso
|
|
Batting: LHB Bill Ford
|
0-0: Called Strike 0-1: Swinging Strike 0-2: Strikes out swinging
|
|
Batting: LHB Jon Frederick
|
0-0: Ball 1-0: Called Strike 1-1: Ball 2-1: Ball 3-1: Base on Balls
|
|
Batting: RHB J.J. Basil
|
0-0: Called Strike 0-1: Foul Ball, location: 2F 0-2: Ball 1-2: Strikes out swinging
|
|
Batting: RHB Joel Miller
|
0-0: Fielders Choice at 2nd, 6-4 (Groundball, 6, EV 106.2 MPH)
|
| Top of the 4th over - 0 runs, 0 hits, 0 errors, 1 left on base; Toledo 0 - Pawtucket 1 |
| BOTTOM OF THE 4TH |
|
Pawtucket Red Sox batting - Pitching for Toledo Mud Hens : LHP Josh Thorpe
|
|
Batting: RHB Brandon Perris
|
0-0: Ball 1-0: Called Strike 1-1: Ball 2-1: Ball 3-1: Ground out 6-3 (Groundball, 56, EV 88.8 MPH)
|
|
Batting: RHB John Chiesa
|
0-0: Ball 1-0: Called Strike 1-1: Ball 2-1: Fly out, F9 (Line Drive, 9LS, EV 99.4 MPH)
|
|
Batting: RHB Sal Rivera
|
0-0: Swinging Strike 0-1: Ball 1-1: Ball 2-1: Called Strike 2-2: Ball 3-2: Strikes out looking
|
| Bottom of the 4th over - 0 runs, 0 hits, 0 errors, 0 left on base; Toledo 0 - Pawtucket 1 |
| TOP OF THE 5TH |
|
Toledo Mud Hens batting - Pitching for Pawtucket Red Sox : RHP Frank Picaso
|
|
Batting: RHB Keith Hoffman
|
0-0: Ball 1-0: SINGLE (Groundball, 34D, EV 106.2 MPH)
|
|
Batting: RHB Aaron Cusick
|
0-0: Foul Ball, location: 2F 0-1: Foul Ball, location: 2F 0-2: Ball Passed Ball! Keith Hoffman to second 1-2: SINGLE (Groundball, 6MD, EV 103.1 MPH) Keith Hoffman to third
|
|
Batting: SHB Scott Bartholomew
|
0-0: Ball 1-0: Called Strike 1-1: Foul Ball, location: 2F 1-2: Ball 2-2: Foul Ball, location: 2F 2-2: Foul Ball, location: 2F 2-2: Foul Ball, location: 2F 2-2: Strikes out swinging
|
|
Batting: RHB Brandon O'Malley
|
0-0: Called Strike 0-1: Ball 1-1: Foul Ball, location: 2F 1-2: Foul Ball, location: 2F 1-2: Foul Ball, location: 2F 1-2: Strikes out swinging
|
|
Batting: RHB Dan Becvar
|
0-0: Called Strike 0-1: Ball 1-1: Called Strike 1-2: Foul Ball, location: 2F 1-2: Ball 2-2: Ball 3-2: Strikes out swinging
|
| Top of the 5th over - 0 runs, 2 hits, 0 errors, 2 left on base; Toledo 0 - Pawtucket 1 |
| BOTTOM OF THE 5TH |
|
Pawtucket Red Sox batting - Pitching for Toledo Mud Hens : LHP Josh Thorpe
|
|
Batting: RHB Andy Garvin
|
0-0: Ball 1-0: Ball 2-0: Ball 3-0: Called Strike 3-1: Base on Balls
|
|
Batting: RHB Neil Mautone
|
0-0: Ball 1-0: Fly out, F8 (Line Drive, 8RXD, EV 88.1 MPH)
|
|
Batting: RHB Matt Hinkle
|
0-0: Called Strike Andy Garvin is caught stealing 2nd base 2-4 0-1: Swinging Strike 0-2: Ball 1-2: Ball 2-2: Ground out 3-1 (Groundball, 13, EV 83.1 MPH)
|
| Bottom of the 5th over - 0 runs, 0 hits, 0 errors, 0 left on base; Toledo 0 - Pawtucket 1 |
| TOP OF THE 6TH |
|
Toledo Mud Hens batting - Pitching for Pawtucket Red Sox : RHP Frank Picaso
|
|
Batting: LHB Bill Ford
|
0-0: Ground out 4-3 (Groundball, 4, EV 86.9 MPH)
|
|
Batting: LHB Jon Frederick
|
0-0: Called Strike 0-1: Ground out 4-3 (Groundball, 34, EV 77.5 MPH)
|
|
Batting: RHB J.J. Basil
|
0-0: Ball 1-0: Fly out, F8 (Flyball, 8RM, EV 74.4 MPH)
|
| Top of the 6th over - 0 runs, 0 hits, 0 errors, 0 left on base; Toledo 0 - Pawtucket 1 |
| BOTTOM OF THE 6TH |
|
Pawtucket Red Sox batting - Pitching for Toledo Mud Hens : LHP Josh Thorpe
|
|
Batting: RHB Carlos Nolasco
|
0-0: Fly out, F7 (Line Drive, 78D, EV 96.2 MPH)
|
|
Batting: RHB Jose Diaz
|
0-0: Ball 1-0: Ball 2-0: Foul Ball, location: 2F 2-1: Ball 3-1: Ground out 6-3 (Groundball, 6, EV 81.2 MPH)
|
|
Batting: RHB Roberto Morales
|
0-0: Ball 1-0: Foul Ball, location: 2F 1-1: Ball 2-1: Called Strike 2-2: Ball 3-2: Ground out 6-3 (Groundball, 6, EV 91.9 MPH)
|
| Bottom of the 6th over - 0 runs, 0 hits, 0 errors, 0 left on base; Toledo 0 - Pawtucket 1 |
| TOP OF THE 7TH |
|
Toledo Mud Hens batting - Pitching for Pawtucket Red Sox : RHP Frank Picaso
|
|
Batting: RHB Joel Miller
|
0-0: Ball 1-0: Ball 2-0: Swinging Strike 2-1: Ball 3-1: Called Strike 3-2: Ground out U3 (Groundball, 3, EV 79.4 MPH)
|
|
Batting: RHB Keith Hoffman
|
0-0: Ball 1-0: Ball 2-0: Foul Ball, location: 2F 2-1: Foul Ball, location: 2F 2-2: Strikes out swinging
|
|
Batting: RHB Aaron Cusick
|
0-0: Ball 1-0: Ball 2-0: Called Strike 2-1: Ball 3-1: Called Strike 3-2: Strikes out swinging
|
| Top of the 7th over - 0 runs, 0 hits, 0 errors, 0 left on base; Toledo 0 - Pawtucket 1 |
| BOTTOM OF THE 7TH |
|
Pawtucket Red Sox batting - Pitching for Toledo Mud Hens : LHP Josh Thorpe
|
|
Batting: RHB Brandon Perris
|
0-0: Foul Ball, location: 2F 0-1: Foul Ball, location: 2F 0-2: Fly out, F9 (Flyball, 9, EV 93.8 MPH)
|
|
Batting: RHB John Chiesa
|
0-0: Called Strike 0-1: Ball 1-1: Swinging Strike 1-2: SINGLE (Groundball, 56D, EV 103.8 MPH)
|
|
Batting: RHB Sal Rivera
|
0-0: Ball 1-0: Ball 2-0: Ball 3-0: Base on Balls John Chiesa to second
|
|
Batting: RHB Andy Garvin
|
0-0: Fielders Choice at 2nd, 6-4 (Groundball, 6D, EV 92.5 MPH) John Chiesa to third
|
|
Batting: RHB Neil Mautone
|
0-0: Foul Ball, location: 2F 0-1: Ball 1-1: Swinging Strike 1-2: Fly out, F8 (Flyball, 8RS, EV 78.8 MPH)
|
| Bottom of the 7th over - 0 runs, 1 hit, 0 errors, 2 left on base; Toledo 0 - Pawtucket 1 |
| TOP OF THE 8TH |
|
Toledo Mud Hens batting - Pitching for Pawtucket Red Sox : RHP Frank Picaso
|
|
Pitching: RHP Jose Escobar
|
|
|
Batting: SHB Scott Bartholomew
|
0-0: Foul Ball, location: 2F 0-1: Swinging Strike 0-2: Strikes out looking
|
|
Batting: RHB Brandon O'Malley
|
0-0: Foul Ball, location: 2F 0-1: Foul Ball, location: 2F 0-2: Strikes out swinging
|
|
Batting: RHB Dan Becvar
|
0-0: Ball 1-0: Ball 2-0: Called Strike 2-1: Ball 3-1: Foul Ball, location: 2F 3-2: Foul Ball, location: 2F 3-2: Strikes out swinging
|
| Top of the 8th over - 0 runs, 0 hits, 0 errors, 0 left on base; Toledo 0 - Pawtucket 1 |
| BOTTOM OF THE 8TH |
|
Pawtucket Red Sox batting - Pitching for Toledo Mud Hens : LHP Josh Thorpe
|
|
Pitching: RHP Chris Kimura
|
|
|
Batting: RHB Matt Hinkle
|
0-0: Foul Ball, location: 2F 0-1: Called Strike 0-2: Strikes out swinging
|
|
Batting: RHB Carlos Nolasco
|
0-0: Ball 1-0: SINGLE (Groundball, 25, EV 75.0 MPH) (infield hit)
|
|
Batting: RHB Jose Diaz
|
0-0: Called Strike 0-1: Ball 1-1: Ball 2-1: Called Strike 2-2: Strikes out swinging
|
|
Batting: RHB Roberto Morales
|
0-0: Ball 1-0: Fielders Choice at 2nd, 5-4 (Groundball, 56, EV 85.6 MPH)
|
| Bottom of the 8th over - 0 runs, 1 hit, 0 errors, 1 left on base; Toledo 0 - Pawtucket 1 |
| TOP OF THE 9TH |
|
Toledo Mud Hens batting - Pitching for Pawtucket Red Sox : RHP Jose Escobar
|
|
Pitching: LHP John Hotham
|
|
|
Batting: LHB Bill Ford
|
0-0: Called Strike 0-1: Ball 1-1: Ball 2-1: Swinging Strike 2-2: Strikes out swinging
|
|
Batting: LHB Jon Frederick
|
0-0: Ball 1-0: Foul Ball, location: 2F 1-1: Foul Ball, location: 2F 1-2: Strikes out swinging
|
|
Batting: RHB J.J. Basil
|
0-0: Ball 1-0: Called Strike 1-1: Ball 2-1: Foul Ball, location: 2F 2-2: Strikes out swinging
|
| Top of the 9th over - 0 runs, 0 hits, 0 errors, 0 left on base; Toledo 0 - Pawtucket 1 |
|